 Dungeon Crawl Stone Soup version 0.29.1-2-gbd0b4ee654 (webtiles) character file.

Game seed: 6452562754815641942

618 Avanven the Cleaver (level 7, 0/60 HPs)
             Began as a Hill Orc Fighter on Nov 4, 2022.
             Slain by a gnoll
             ... wielding a +0 flail
             ... led by a gnoll bouda
              (7 damage)
             ... on level 5 of the Dungeon.
             The game lasted 00:06:52 (4536 turns).

Avanven the Cleaver (Hill Orc Fighter)              Turns: 4536, Time: 00:06:52

Health: 0/60       AC:  9    Str: 27    XL:     7   Next: 45%
Magic:  7/7        EV:  9    Int:  8    God:
Gold:   241        SH:  5    Dex: 10    Spells: 6/6 levels left

rFire   . . .      SeeInvis .   a - +1 war axe
rCold   . . .      Faith    .   c - +0 buckler
rNeg    . . .      Spirit   .   b - +0 scale mail
rPois   .          Reflect  .   (no helmet)
rElec   .          Harm     .   (no cloak)
rCorr   .          Rampage  .   (no gloves)
Will    .....                   g - +1 pair of boots
Stlth   ..........              (no amulet)
HPRegen 0.20/turn               m - +6 ring of strength
MPRegen 0.10/turn               (no ring)

@: no status effects
A: no striking features
a: no special abilities


You were on level 5 of the Dungeon.
You visited 1 branch of the dungeon, and saw 5 of its levels.

You collected 241 gold pieces.

Inventory:

Hand Weapons
 a - a +1 war axe (weapon)
 i - a +2 vorpal halberd
Armour
 b - a +0 scale mail (worn)
 c - a +0 buckler (worn)
 g - a +1 pair of boots (worn)
Jewellery
 m - a +6 ring of strength (left hand)
Scrolls
 e - 2 scrolls of teleportation
 f - 2 scrolls of enchant armour
 l - 3 scrolls of identify
 p - a scroll of immolation
Potions
 d - a potion of might
 h - 2 potions of brilliance
 j - 3 potions of invisibility
 k - a potion of resistance
 n - 3 potions of heal wounds
 o - a potion of berserk rage {unknown}
 q - 4 potions of curing {unknown}
 s - a potion of attraction {unknown}


   Skills:
 + Level 4.5 Fighting
 * Level 8.5 Axes
 - Level 3.2 Armour
 + Level 5.7 Shields


You had 6 spell levels left.
You didn't know any spells.
Your spell library contained the following spells:

 Spells                   Type           Power      Damage    Failure   Level
 Slow                     Hex            0%         N/A       77%         1
 Confusing Touch          Hex            0%         N/A       98%         3
 Vampiric Draining        Necr           0%         2d6       98%         3


Dungeon Overview and Level Annotations

Branches:
Dungeon (5/15)
 Temple: D:4-7

Altars:
Ashenzari
Hepliaklqana

Shops:
D:2 *

Annotations:
D:5 Eustachio, Ijyb


Message History

Eustachio blinks!
The gnoll bouda barks out a call to the hunt!
The gnolls pick up the pace!
Items here: ))) †.
You hit the gnoll but do no damage. The gnoll hits you with a +0 flail.
The gnoll hits you from afar with a +0 halberd.
You closely miss the gnoll. The gnoll hits you with a +0 flail.
The gnoll barely misses you.
You closely miss the gnoll. The gnoll hits you with a +0 flail!
The gnoll hits you from afar with a +0 halberd.
The gnoll barely misses you. The gnoll completely misses you.
You barely miss the gnoll.
The gnoll bouda barks out a call to the hunt!
You block the gnoll's attack. The gnoll closely misses you.
You hit the gnoll.
The gnoll is lightly wounded.
The gnoll bouda gazes fiercely through you!
You feel your attacks grow feeble. The gnoll hits you but does no damage.
The gnoll hits you from afar with a +0 halberd.
You hit the gnoll.
The gnoll is moderately wounded.
The gnoll barely misses you.
The gnoll hits you from afar with a +0 halberd.
A gnoll comes into view. It is wielding a +0 flail.
You barely miss the gnoll.
The gnoll is moderately wounded.
The gnoll shouts!
The gnoll hits you with a +0 flail.
The gnoll hits you from afar with a +0 halberd!
* * * LOW HITPOINT WARNING * * *
The gnoll attacks as you move away! The gnoll closely misses you.
Your attacks no longer feel as feeble.
You block the gnoll's attack.
The gnoll hits you from afar with a +0 halberd!
* * * LOW HITPOINT WARNING * * *
The gnoll attacks as you move away! The gnoll closely misses you.
There is a stone staircase leading up here.
The gnoll hits you with a +0 flail!
You die...

#....##..##
###.###.g.##
##...###.###
#...##g.g#
#...g)g###
#..g####
#..g# #..g#
#..@# #...#
#####


You could see 4 gnolls.

Vanquished Creatures
  2 ogres (D:4)
  Blork the orc (D:4)
  A necrophage (D:4)
  A scorpion (D:4)
  A jelly (D:4)
  A gnoll bouda (D:4)
  5 gnolls (D:4)
  5 adders
  9 orcs
  8 ball pythons
  17 endoplasms
  3 giant cockroaches
  9 goblins
  11 hobgoblins
  4 jackals (D:3)
  8 bats
  3 frilled lizards
  7 kobolds
  5 rats
101 creatures vanquished.

Vanquished Creatures (others)
  A plant (D:3)
  6 withered plants (D:2)
7 creatures vanquished.

Grand Total: 108 creatures vanquished

Notes
Turn   | Place    | Note
-------+----------+-------------------------------------------
     0 | D:1      | Avanven the Hill Orc Fighter began the quest for the Orb.
     0 | D:1      | Reached XP level 1. HP: 19/19 MP: 1/1
    82 | D:1      | Reached skill level 3 in Axes
   238 | D:1      | Reached XP level 2. HP: 26/26 MP: 2/2
   558 | D:1      | You fall into a shaft and drop 1 floor!
   580 | D:2      | Found a hazy altar of Hepliaklqana.
   764 | D:2      | Found Engyat's General Store.
   768 | D:2      | Reached skill level 4 in Axes
   791 | D:2      | Reached XP level 3. HP: 26/31 MP: 3/3
   955 | D:2      | Found a faded altar of an unknown god.
  1169 | D:2      | Reached XP level 4. HP: 39/39 MP: 4/4
  1302 | D:2      | Reached skill level 5 in Axes
  2400 | D:3      | Found a broken altar of Ashenzari.
  2466 | D:3      | Reached XP level 5. HP: 45/45 MP: 5/5
  2702 | D:4      | Reached skill level 6 in Axes
  2705 | D:4      | Reached XP level 6. HP: 32/51 MP: 6/6
  2714 | D:4      | HP: 2/51 [gnoll/+0 spear[a gnoll bouda] (6)]
  2716 | D:4      | Reached skill level 7 in Axes
  3032 | D:4      | Noticed Blork the orc
  3040 | D:4      | Killed Blork the orc
  3041 | D:4      | Reached skill level 5 in Shields
  3277 | D:4      | Reached XP level 7. HP: 32/59 MP: 7/7
  3448 | D:4      | Reached skill level 8 in Axes
  4474 | D:5      | Entered Level 5 of the Dungeon
  4504 | D:5      | Noticed Eustachio
  4506 | D:5      | Noticed Ijyb
  4536 | D:5      | Slain by a gnoll

Illustrated notes

Levels and vault maps discovered:
D:1:      dpeg_arrival_pond, layout_basic, serial_rivers,
          chequers_serial_rivers_large_a, chequers_serial_rivers_room_b,
          chequers_serial_rivers_micro_b, chequers_serial_rivers_small_3,
          minmay_misc_feat_enclosed
D:2:      layout_basic, basic_altar, ebering_ecumenical_altar_petrified,
          serial_shops, shop_fountains
D:3:      layout_rooms, cheibrodos_ashenzari_chains, corexii_shack
D:4:      nicolae_cairo_tiling_large, layout_basic, uniq_blork_the_orc
D:5:      layout_rooms, corexii_leaking_fountain, st_stairs_8, uniq_eustachio,
          uniq_ijyb, uniq_grinder

Skill      XL: |  1  2  3  4  5  6  7 |
---------------+----------------------+-----
Axes           | 3 4 5 6 7 8 |  8.5
Shields        | 4 5 |  5.7
Fighting       | 4 |  4.5
Armour         | |  3.2

Action                   |  1- 3 |  4- 6 |  7- 9 || total
-------------------------+-------+-------+-------++-------
Melee: War axe           |    87 |   127 |    52 ||   266
  Use: Scroll            |       |    10 |     1 ||    11
       Potion            |       |     1 |       ||     1
Armor: Scale mail        |    54 |    59 |    16 ||   129
Dodge: Dodged            |    51 |    60 |    20 ||   131
Block: Buckler           |    23 |    30 |     9 ||    62
